 Dungeon Crawl Stone Soup version 0.28-a0-1347-g113dc556a4 (webtiles) character file.

Game seed: 5853920867044216709

21212 wakim the Zephyrmancer (level 12, -1/81 HPs)
             Began as a Tengu Air Elementalist on Dec 29, 2021.
             Was an Elder of Nemelex Xobeh.
             Slain by a wyvern (12 damage)
             ... on level 3 of the Lair of Beasts.
             The game lasted 01:23:33 (19273 turns).

wakim the Zephyrmancer (Tengu Air Elementalist)    Turns: 19273, Time: 01:23:33

Health: -1/81      AC:  5    Str: 10    XL:     12   Next: 87%
Magic:  43/43      EV: 17    Int: 29    God:    Nemelex Xobeh [****..]
Gold:   891        SH:  5    Dex: 17    Spells: 18/27 levels left

rFire   . . .      SeeInvis .   a - +8 dagger of the Pyrrhic Victory {spect, Fly Int+5}
rCold   + . .      Faith    .   O - +0 buckler
rNeg    . . .      Spirit   .   K - +1 leather armour of the Hurricane {rC+ Will+ Dex+2}
rPois   .          Reflect  .   (helmet restricted)
rElec   .          Harm     .   C - +0 cloak
rCorr   .          Rampage  .   (no gloves)
Will    +....                   (boots unavailable)
Stlth   +++.......              (no amulet)
HPRegen 0.23/turn               w - ring "Zyun" {MP+9 Int+5 Stlth+}
MPRegen 0.28/turn               Y - ring of magical power

@: lethally poisoned (-1 -> -21), flying quickly and evasively, quick
A: beak, talons 3, nimble flight
a: Renounce Religion, Draw Escape, Draw Destruction, Draw Summoning, Triple
Draw, Deal Four


You were on level 3 of the Lair of Beasts.
You worshipped Nemelex Xobeh.
Nemelex Xobeh was greatly pleased with you.
You visited 3 branches of the dungeon, and saw 16 of its levels.

You collected 891 gold pieces.

Inventory:

Hand Weapons
 a - the +8 dagger of the Pyrrhic Victory (weapon) {spect, Fly Int+5}
   (You found it on level 3 of the Dungeon)

   When its wielder attacks, the weapon's spirit leaps out and strikes again.
   The spirit shares a part of any damage it takes with its wielder.
   Int:       It affects your intelligence (+5).
   Fly:       It grants you flight.
 b - the +5 whip "Hasyoled" {vorpal, rF+ Will+ Str-2}
   (You found it on level 8 of the Dungeon)

   It inflicts extra damage upon your enemies.
   Str:       It affects your strength (-2).
   rF:        It protects you from fire.
   Will:      It increases your willpower.
 W - a +4 dagger of venom
Missiles
 M - 6 curare-tipped darts {=f}
Armour
 B - the +1 scale mail "Pesajab" {Contam rPois rC+ Dex+3 SInv}
   (You found it on level 2 of the Lair of Beasts)

   Dex:       It affects your dexterity (+3).
   rC:        It protects you from cold.
   rPois:     It protects you from poison.
   SInv:      It lets you see invisible.
   Contam:    It causes magical contamination when unequipped.
 C - a +0 cloak (worn)
 K - the +1 leather armour of the Hurricane (worn) {rC+ Will+ Dex+2}
   (You found it on level 10 of the Dungeon)

   Dex:       It affects your dexterity (+2).
   rC:        It protects you from cold.
   Will:      It increases your willpower.
 O - a +0 buckler (worn)
 S - a +2 scale mail of fire resistance
Jewellery
 w - the ring "Zyun" (left hand) {MP+9 Int+5 Stlth+}
   (You found it on level 6 of the Dungeon)

   [ring of magical power]

   Int:       It affects your intelligence (+5).
   MP:        It affects your magic capacity (+9).
   Stlth:     It makes you more stealthy.
 I - a ring of resist corrosion
 V - the ring of Mebbovod {rC+ Str+4}
   (You found it on level 6 of the Dungeon)

   [ring of protection from cold]

   Str:       It affects your strength (+4).
   rC:        It protects you from cold.
 Y - a ring of magical power (right hand)
Wands
 v - a wand of flame (29)
 x - a wand of iceblast (5)
Scrolls
 r - a scroll of identify
 y - a scroll of amnesia
 z - a scroll of noise {unknown}
 A - a scroll of holy word {unknown}
 G - a scroll of torment {!r}
 P - a scroll of enchant weapon {unknown}
 Q - 2 scrolls of immolation {!r!r}
 R - a scroll of magic mapping {!r}
 T - 5 scrolls of teleportation
 X - a scroll of enchant armour
 Z - a scroll of silence {!r}
Potions
 D - a potion of brilliance
 E - 2 potions of cancellation
 F - 2 potions of curing
 H - 3 potions of haste
 J - 5 potions of heal wounds
 L - 3 potions of lignification {!q}
 N - 3 potions of might
Miscellaneous
 m - a phantom mirror


   Skills:
 - Level 12.0 Fighting
 + Level 6.5 Dodging
 - Level 2.0 Stealth
 - Level 4.0 Shields
 - Level 8.0 Spellcasting
 - Level 8.0 Conjurations
 - Level 12.0 Air Magic
 + Level 8.0 Invocations


You had 18 spell levels left.
You knew the following spells:

 Your Spells              Type           Power      Damage    Failure   Level
b - Airstrike             Air            34%        N/A       1%          4
d - Static Discharge      Conj/Air       62%        N/A       1%          2
s - Swiftness             Air            69%        N/A       1%          3

Your spell library contained the following spells:

 Spells                   Type           Power      Damage    Failure   Level
 Shock                    Conj/Air       100%       1d9       1%          1
 Corpse Rot               Necr/Air       92%        N/A       1%          2
 Poisonous Vapours        Pois/Air       92%        N/A       1%          2
 Dazzling Flash           Conj/Hex       68%        N/A       3%          3
 Animate Skeleton         Necr           22%        N/A       6%          1
 Pain                     Necr           44%        1d6       6%          1
 Scorch                   Fire           22%        2d6       10%         2
 Flame Wave               Conj/Fire      34%        2d7       12%         4
 Silence                  Hex/Air        23%        N/A       14%         5
 Vampiric Draining        Necr           11%        2d6       19%         3
 Petrify                  Tmut/Erth      11%        N/A       52%         4
 Agony                    Necr           11%        N/A       86%         5
 Metabolic Englaciation   Hex/Ice        5%         N/A       86%         5
 Statue Form              Tmut/Erth      7%         N/A       100%        6
 Summon Cactus Giant      Summ           5%         N/A       100%        6


Dungeon Overview and Level Annotations

Branches:
Dungeon (11/15)            Temple (1/1) D:5            Lair (4/6) D:9
  Swamp (0/4) Lair:2
 Shoals: Lair:2-4     Snake: Lair:2-4    Spider: Lair:2-4       Orc: D:9-12

Altars:
Ashenzari
Cheibriados
Elyvilon
Fedhas
Gozag
Makhleb
Nemelex Xobeh
Okawaru
Qazlal
Sif Muna
Trog
Uskayaw
Vehumet
Yredelemnul
Zin

Shops:
D:10 (

Annotations:
D:9 2 transporters, casual's ghost, journeyman DsTm
D:10 exclusions: ice statue and orange crystal statue
Lair:2 1 exclusion


Innate Abilities, Weirdness & Mutations

You have a beak for a mouth.
You have claws for feet.
Your magical nature lets you fly swiftly and evasively.


Message History

A death yak comes into view. x2
The boulder beetle completely misses you.
There is a stone staircase leading up, spattered with blood here.
You deal a card...
You have dealt the Elixir.
You begin rapidly regenerating health and magic.
You deal a card...
You have dealt Velocity.
The death yak seems to slow down.
The jumping spider seems to slow down. x2; You deal a card...
You have dealt the Elixir.
You begin rapidly regenerating health and magic.
The deck of cards glows with a rainbow of weird colours and disappears.
The wyvern completely misses you. The boulder beetle bites you!!
* * * LOW HITPOINT WARNING * * *
The jumping spider hisses angrily.
The death yak bellows!
Magic restored.
You hear an angry hiss.
The wyvern misses you. The redback barely misses you. The death yak misses you.
The wyvern misses you. The redback misses you.
The boulder beetle closely misses you.
You fly upwards.
There is a stone staircase leading down here.
The redback bites you.
You are poisoned.
The redback poisons you! The death yak misses you.
You feel extremely sick. The wyvern closely misses you.
* * * LOW HITPOINT WARNING * * *
You feel extremely sick.
The boulder beetle curls into a ball and begins rolling!
The redback misses you.
* * * LOW HITPOINT WARNING * * *
You feel very sick. The wyvern barely misses you.
There is a stone staircase leading up here.
* * * LOW HITPOINT WARNING * * *
You feel very sick. The redback bites you!
* * * LOW HITPOINT WARNING * * *
The wyvern bites you!
You die...
Your body glows with a rainbow of weird colours and disappears.

### ### ##.## ####.#######
###.#.###### #.##....##.#
##......##..# #..........#
#.^.....#s..# #..........##
##....°.Yl@.###.........###
#.....°B...##...........#.
#......##..#..............
#...................#+....
#.......#...#......##..#..
#.......##........#..8...#
##.###.###...##.#........#
##.....####....##.....####
###..PP.+#..##.......#.##


You could see a death yak (slow), a boulder beetle (rolling), a wyvern and a
redback.

Vanquished Creatures
  3 hydras
  Fannar (D:10)
  Erica (Lair:1)
  A two-headed ogre (D:9)
  Sonja (D:10)
  A black mamba (Lair:2)
  3 rime drakes
  6 cane toads
  7 komodo dragons
  2 trolls (D:9)
  2 polar bears
  3 wraiths
  A wyvern (D:8)
  23 yaks
  3 steam dragons
  2 redbacks (Lair:3)
  10 water moccasins
  An acid dragon (D:9)
  5 orc warriors
  A hornet zombie (D:8)
  A sky beast (D:8)
  A necrophage (D:5)
  2 black bears (D:5)
  10 wolves
  7 ogres
  2 centaurs (D:7)
  A phantom (D:7)
  4 kobold brigands
  9 bullfrogs
  A wyvern zombie (D:8)
  4 scorpions
  A water moccasin zombie (D:4)
  6 killer bees (D:8)
  9 wights
  5 electric eels (D:9)
  A bullfrog zombie (D:6)
  9 hounds
  A centaur zombie (D:7)
  5 gnoll shamans
  An orc priest (D:7)
  A bullfrog skeleton (D:5)
  2 centaur skeletons
  Jessica (D:3)
  5 iguanas
  Terence (D:2)
  5 orc wizards
  A mummy (D:7)
  22 gnolls
  11 adders
  2 shadow imps
  An ufetubus (D:4)
  An adder skeleton (D:4)
  4 worms
  A dart slug (D:1)
  17 orcs
  7 endoplasms
  8 goblins
  9 hobgoblins
  16 kobolds
  4 quokkas
  5 ball pythons
  11 bats
  6 frilled lizards
  A kobold skeleton (D:6)
  10 rats
309 creatures vanquished.

Vanquished Creatures (others)
  A bullfrog skeleton (D:6)
  5 demonic plants (D:1)
  38 fungi
  48 plants
  2 withered plants (D:1)
94 creatures vanquished.

Grand Total: 403 creatures vanquished

Notes
Turn   | Place    | Note
-------+----------+-------------------------------------------
     0 | D:1      | wakim the Tengu Air Elementalist began the quest for the
                  | Orb.
     0 | D:1      | Reached XP level 1. HP: 10/10 MP: 4/4
   371 | D:1      | Reached XP level 2. HP: 15/15 MP: 3/6
   601 | D:1      | Found a faded altar of an unknown god.
   973 | D:1      | Learned a level 2 spell: Static Discharge
  1289 | D:2      | Found a blossoming altar of Fedhas.
  1304 | D:2      | Reached XP level 3. HP: 19/19 MP: 5/7
  1309 | D:2      | Learned a level 3 spell: Swiftness
  1916 | D:2      | Reached XP level 4. HP: 11/24 MP: 3/9
  2203 | D:3      | Noticed Terence
  2234 | D:2      | Killed Terence
  2235 | D:2      | Reached skill level 5 in Air Magic
  2752 | D:3      | Found a broken altar of Ashenzari.
  2842 | D:3      | Gained mutation: Your magical nature lets you fly swiftly
                  | and evasively. [Tengu growth]
  2842 | D:3      | Reached XP level 5. HP: 28/28 MP: 8/10
  2872 | D:3      | Identified the +8 dagger of the Pyrrhic Victory {spect, Fly
                  | Int+5}
  3117 | D:3      | Found a sparkling altar of Nemelex Xobeh.
  3181 | D:3      | Became a worshipper of Nemelex Xobeh the Trickster
  3187 | D:3      | Learned a level 4 spell: Airstrike
  3306 | D:3      | Noticed Jessica
  3307 | D:3      | Killed Jessica
  3563 | D:4      | Reached XP level 6. HP: 25/32 MP: 9/12
  4050 | D:4      | Found a white marble altar of Elyvilon.
  4152 | D:4      | Reached skill level 5 in Conjurations
  4344 | D:4      | Reached * piety under Nemelex Xobeh
  4651 | D:4      | Reached XP level 7. HP: 20/36 MP: 7/14
  5061 | D:5      | Entered Level 5 of the Dungeon
  5184 | D:5      | Found a staircase to the Ecumenical Temple.
  5229 | Temple   | Entered the Ecumenical Temple
  5286 | D:5      | Received a gift from Nemelex Xobeh
  5877 | D:5      | Reached ** piety under Nemelex Xobeh
  5983 | D:5      | Reached XP level 8. HP: 18/41 MP: 4/15
  6685 | D:6      | Identified the +2 chain mail of Wrong Decisions {Contam
                  | Harm +Blink}
  6779 | D:6      | Identified the ring "Zyun" {MP+9 Int+5 Stlth+}
  6798 | D:6      | Found a runed translucent door.
  6802 | D:6      | Found a basalt altar of Yredelemnul.
  6903 | D:6      | Reached skill level 10 in Air Magic
  7325 | D:6      | Identified the ring of Mebbovod {rC+ Str+4}
  7366 | D:6      | Received a gift from Nemelex Xobeh
  7729 | D:7      | Reached XP level 9. HP: 41/45 MP: 16/16
  8009 | D:7      | Found a snail-covered altar of Cheibriados.
  8012 | D:7      | Reached skill level 1 in Fighting
  8012 | D:7      | Reached skill level 1 in Invocations
  8343 | D:7      | Reached *** piety under Nemelex Xobeh
  8343 | D:7      | Received a gift from Nemelex Xobeh
  9671 | D:8      | Reached skill level 5 in Fighting
  9897 | D:8      | Noticed a komodo dragon
  9898 | D:8      | Reached XP level 10. HP: 53/59 MP: 17/17
  9915 | D:8      | Reached skill level 5 in Invocations
 10436 | D:8      | You are sucked into a shaft and drop 2 floors!
 10436 | D:10     | Entered Level 10 of the Dungeon
 10436 | D:10     | Received a gift from Nemelex Xobeh
 10539 | D:10     | Found a burning altar of Makhleb.
 10585 | D:10     | Noticed an ice statue
 10585 | D:10     | Noticed an orange crystal statue
 10705 | D:10     | Noticed Fannar
 10847 | D:10     | Killed Fannar
 10873 | D:10     | Reached skill level 5 in Spellcasting
 11131 | D:9      | Found a transporter.
 11175 | D:9      | Noticed casual's ghost (journeyman DsTm)
 11202 | D:8      | Identified the +5 whip "Hasyoled" {vorpal, rF+ Will+ Str-2}
 11319 | D:8      | Found a glowing silver altar of Zin.
 11319 | D:8      | Found a stormy altar of Qazlal.
 11320 | D:8      | Found an opulent altar of Gozag.
 11800 | D:9      | Received a gift from Nemelex Xobeh
 11809 | D:9      | Found a transporter.
 11887 | D:9      | Reached XP level 11. HP: 69/69 MP: 21/21
 12051 | D:9      | Noticed a two-headed ogre
 12110 | D:9      | Killed a two-headed ogre
 12528 | D:9      | Found a staircase to the Lair.
 12823 | D:10     | Found Xomyosm's Antique Weapon Shop.
 13421 | D:10     | Identified the +1 leather armour of the Hurricane {rC+
                  | Will+ Dex+2}
 13458 | D:10     | Noticed a sea snake
 13555 | D:10     | Noticed Sonja
 13557 | D:10     | Killed Sonja
 13558 | D:10     | Received a gift from Nemelex Xobeh
 13726 | D:11     | Reached **** piety under Nemelex Xobeh
 13774 | Lair:1   | Entered Level 1 of the Lair of Beasts
 14012 | Lair:1   | Reached skill level 10 in Fighting
 14475 | Lair:1   | Noticed Erica
 14539 | Lair:1   | Killed Erica
 14701 | Lair:1   | Reached skill level 1 in Shields
 14710 | Lair:1   | Reached XP level 12. HP: 40/80 MP: 18/25
 14900 | Lair:1   | Noticed a four-headed hydra
 14932 | Lair:1   | Killed a four-headed hydra
 16011 | Lair:2   | Noticed a fire dragon
 16410 | Lair:2   | Found a staircase to the Swamp.
 16718 | Lair:2   | Identified the +1 scale mail "Pesajab" {Contam rPois rC+
                  | Dex+3 SInv}
 16990 | Lair:3   | Received a gift from Nemelex Xobeh
 16990 | Lair:3   | Noticed an eight-headed hydra
 17032 | Lair:3   | Killed an eight-headed hydra
 17375 | Lair:3   | Reached ***** piety under Nemelex Xobeh
 17456 | Lair:3   | Reached skill level 5 in Dodging
 17696 | Lair:3   | Received a gift from Nemelex Xobeh
 17950 | Lair:4   | Noticed an eight-headed hydra
 18085 | Lair:4   | Killed an eight-headed hydra
 18676 | Lair:4   | Noticed a death yak
 18686 | Lair:4   | Noticed a boulder beetle
 19265 | Lair:4   | Noticed a death yak
 19265 | Lair:4   | Noticed a death yak
 19273 | Lair:3   | Slain by a wyvern

Illustrated notes

Levels and vault maps discovered:
D:1:      dpeg_arrival_stonehenge_8_columns, layout_basic,
          shapermc_ecumenical_altar_gd, hex_intersection
D:2:      layout_basic, basic_altar
D:3:      minmay_spotlight, layout_basic, mainiacjoe_overflow_chevrons,
          ashenzari_conservatory_becter, minmay_fractal_squares_gapless_5,
          uniq_terence, uniq_jessica
D:4:      layout_gridville, mainiacjoe_overflow_concentric_impassable
D:5:      layout_gridville, minmay_temple_entry_wispy
D:6:      layout_loops_ring, dk_yredelemnul_ordeal, minivault_26
D:7:      kennysheep_seaside_town, layout_basic, slow_altar_1
D:8:      layout_basic, gammafunk_temple_overflow_claw, minmay_lizard_king
D:9:      layout_basic, erik_lair_island, gammafunk_ghost_stat_death,
          kennysheep_nub
D:10:     layout_roguey, lemuel_coloured_pillars_altar, serial_shops, shop,
          serial_aquarium, aquarium_bridge_square [aquarium_subvault_bridge,
          aquarium_subvault_bridge, aquarium_subvault_wall,
          aquarium_subvault_window], aquarium_bridge_square
          [aquarium_subvault_bridge, aquarium_subvault_balcony,
          aquarium_subvault_wall, aquarium_subvault_bridge],
          aquarium_window_fake, aquarium_window_1, aquarium_view_2f,
          aquarium_view_2c, aquarium_pool_2, david_greed, uniq_sonja,
          uniq_fannar
D:11:     layout_small_grid, st_stairs_12
Temple:   cyrus_circular_temple
Lair:1:   layout_cave_pods, uniq_erica
Lair:2:   dragon1_lemuel, layout_small_grid, swamp_mist
Lair:3:   layout_roguey, grunt_megastairs_4
Lair:4:   layout_cave_pods, nicolae_spider_entry_tight_spaces,
          serial_bayou_shore_b

Skill      XL: |  1  2  3  4  5  6  7  8  9 10 11 12 |
---------------+-------------------------------------+-----
Conjurations   | 2 3 4 5 7 8 |  8.0
Air Magic      | 5 6 8 11 12 | 12.0
Spellcasting   | 3 4 6 8 |  8.0
Fighting       | 5 8 11 12 | 12.0
Invocations    | 4 6 8 |  8.0
Shields        | 2 4 |  4.0
Dodging        | 6 |  6.5
Stealth        | |  2.0

Action                   |  1- 3 |  4- 6 |  7- 9 | 10-12 || total
-------------------------+-------+-------+-------+-------++-------
Melee: Dagger            |       |    38 |    66 |    59 ||   163
       Kick              |       |     3 |    21 |    21 ||    45
       Peck              |       |     2 |    10 |    13 ||    25
 Cast: Shock             |    69 |    42 |    67 |    15 ||   193
       Static Discharge  |     1 |     7 |    16 |    96 ||   120
       Airstrike         |       |     2 |    43 |   172 ||   217
       Swiftness         |       |       |       |     1 ||     1
Invok: Draw Destruction  |       |       |       |     2 ||     2
       Triple Draw       |       |       |       |     3 ||     3
       Deal Four         |       |       |       |     1 ||     1
       Draw Escape       |       |       |       |     1 ||     1
       Draw Summoning    |       |       |       |     1 ||     1
Evoke: Wand              |       |       |       |     4 ||     4
  Use: Scroll            |       |     7 |     9 |     6 ||    22
       Potion            |       |       |     1 |     4 ||     5
 Stab: Sleeping          |       |     4 |     4 |     1 ||     9
       Distracted        |       |       |       |     1 ||     1
Armor: Robe              |    11 |     9 |     5 |     3 ||    28
       Leather armour    |       |       |       |    10 ||    10
Dodge: Dodged            |    25 |    29 |    49 |    96 ||   199
Block: Buckler           |       |       |       |    15 ||    15

Table legend: (Time is in decaauts)
 A = Elapsed time spent in this place.
 B = Non-inter-level travel time spent in this place.
 C = Inter-level travel time spent in this place.
 D = Time resting spent in this place.
 E = Time spent auto-exploring this place.
 F = Levels seen in this place.
 G = Mean time per level.
                   A        B        C        D        E       F      G
               +--------+--------+--------+--------+--------+-----+--------+
         Total |  18331 |  17348 |    983 |   4821 |   4462 |  16 | 1145.7 |
       Dungeon |  13135 |  12483 |    652 |   3295 |   3127 |  11 | 1194.1 |
        Temple |      1 |      1 |      0 |      0 |      0 |   1 |    1.0 |
          Lair |   5194 |   4864 |    330 |   1526 |   1334 |   4 | 1298.5 |
               +--------+--------+--------+--------+--------+-----+--------+

Top non-repeatable levels by time:
     D:7: 1934 daAuts
     D:9: 1543 daAuts
  Lair:2: 1537 daAuts
  Lair:3: 1528 daAuts
  Lair:1: 1515 daAuts
    D:10: 1395 daAuts
     D:2: 1311 daAuts
     D:1: 1277 daAuts
     D:5: 1277 daAuts
     D:4: 1254 daAuts
     D:6: 1092 daAuts
     D:3: 1071 daAuts
     D:8: 975 daAuts
  Lair:4: 612 daAuts
  Temple: 1 daAuts
